 Dungeon Crawl Stone Soup version 0.14-a0-3315-g09e681a (webtiles) character file.

38475 Psiweapon the Nimble (level 14, -2/88 HPs)
             Began as a Kobold Hunter on Mar 14, 2014.
             Was a Priest of Fedhas.
             Slain by Snorg (12 damage)
             ... on Level 1 of the Orcish Mines on Mar 15, 2014.
             The game lasted 02:23:55 (19099 turns).

Psiweapon the Nimble (Kobold Hunter)               Turns: 19099, Time: 02:23:57

HP  -2/88        AC 18     Str 12      XL: 14   Next: 31%
MP  27/27        EV 27     Int 14      God: Fedhas [***...]
Gold 579         SH  0     Dex 26      Spells:  0 memorised, 13 levels left

rFire  + . .     SeeInvis +     b - +6 crossbow
rCold  . . .     Clarity  +     X - +6 ring mail of Quantum Leap {Dex+3 SInv}
rNeg   . . .     Conserve .     (no shield)
rPois  +         rCorr    .     a - +0 helmet
rElec  .         rRot     .     V - +0 cloak {rPois}
SustAb . .       Spirit   .     W - +2 pair of gloves {archer}
rMut   .         Warding  .     (no boots)
Saprov + + .     Stasis   .     E - amulet of clarity
MR     +....                    d - ring of protection from fire
                                e - ring "Legaigull" {Dex+3 Int+5 Dam+4}

@: studying Evocations, somewhat resistant to hostile enchantments, fairly
stealthy
A: disease resistance, carnivore 3, saprovore 2
a: Evolution, Sunlight, Growth, Renounce Religion


You were on level 1 of the Orcish Mines.
You worshipped Fedhas.
Fedhas was most pleased with you.
You were very full.

You visited 4 branches of the dungeon, and saw 21 of its levels.
You also visited: Volcano.

You collected 884 gold pieces.
You spent 305 gold pieces at shops.

Inventory:

Hand weapons
 b - a +6,+6 crossbow (weapon)
 l - a +3,+2 war axe of electrocution
 m - a +1,+1 dagger of draining
 M - a +1,+1 dagger of venom
 U - a +1 blowgun
Missiles
 F - 30 poisoned needles
 H - 11 silver bolts (quivered)
Armour
 a - a +0 helmet (worn)
 V - a +0 cloak of poison resistance (worn)
 W - a +2 pair of gloves of archery (worn)
 X - the +6 ring mail of Quantum Leap (worn) {Dex+3 SInv}
   (You bought it in a shop on level 8 of the Dungeon)

   It affects your dexterity (+3).
   It enhances your eyesight.
Magical devices
 o - a wand of cold (3)
 L - a wand of draining (0)
 Q - a wand of draining (4)
 S - a wand of cold (9)
 Y - a wand of slowing (0)
Comestibles
 f - 5 meat rations
 s - 10 strawberries
 I - 4 apples
 K - 9 grapes
Scrolls
 r - a scroll of fear
 w - 10 scrolls of remove curse
 x - 4 scrolls of teleportation
 C - a scroll of fog
Jewellery
 d - a ring of protection from fire (right hand)
 e - the ring "Legaigull" (left hand) {Dex+3 Int+5 Dam+4}
   (You found it on level 8 of the Lair of Beasts)

   [ring of intelligence]

   It affects your intelligence (+5).
   It affects your dexterity (+3).
   It affects your damage with ranged weapons and melee attacks (+4).
 h - an uncursed ring of wizardry {unknown}
 B - an uncursed amulet of resist corrosion
 E - an amulet of clarity (around neck)
 O - an uncursed amulet of faith
 T - an uncursed ring of protection from cold
 Z - an uncursed ring of magical power
Potions
 i - a potion of poison {unknown}
 j - 2 potions of resistance
 k - 2 potions of confusion {unknown}
 n - 2 potions of degeneration {unknown}
 p - 4 potions of curing {unknown}
 q - a potion of invisibility {unknown}
 t - 3 potions of brilliance {unknown}
 u - a potion of magic {unknown}
 A - 3 potions of agility
 D - a potion of flight
 G - 4 potions of restore abilities
 J - a potion of lignification {unknown}
 N - 4 potions of might
Books
 P - a manual of Evocations
Miscellaneous
 c - an ornate deck of changes {drawn: 1}
 g - a box of beasts {used: 2}
 y - a lamp of fire


   Skills:
 - Level 10.0 Fighting
 - Level 8.5 Axes
 + Level 11.6 Crossbows
 - Level 10.0 Throwing
 - Level 5.9 Armour
 - Level 14.1 Dodging
 - Level 1.3 Stealth
 - Level 5.2 Invocations
 + Level 9.4 Evocations


You had 13 spell levels left.
You didn't know any spells.

Dungeon Overview and Level Annotations

Branches:
Dungeon (11/15)            Temple (1/1) D:6             Orc (1/4) D:9
   Lair (8/8) D:10          Swamp (0/5) Lair:6        Snake (0/5) Lair:6
  Slime (0/6) Lair:8

Altars:
Ashenzari
Dithmenos
Elyvilon
Fedhas
Nemelex Xobeh
Sif Muna
Vehumet
Xom
Zin
The Shining One

Shops:
D:8 [

Annotations:
D:6 exclusion: downstairs
D:10 4 exclusions
Orc:1 Snorg


Innate Abilities, Weirdness & Mutations

You recuperate from illness quickly.
You are small and have problems with some larger weapons.
You are carnivorous and can eat meat at any time.
You can eat rotten meat.


Message History

Press: ? - help, Shift-Dir - straight line, f/p - Snorg
Aim: Snorg (severely wounded, moving slowly)
You shoot a silver bolt. The silver bolt hits Snorg.
Snorg is almost dead.
Firing (i - inventory):
H - 13 silver bolts (quivered)
Press: ? - help, Shift-Dir - straight line, f/p - Snorg
Aim: Snorg (almost dead, moving slowly)
You shoot a silver bolt. The silver bolt hits Snorg.
Snorg is almost dead.
Snorg looks more energetic.
Snorg goes berserk!
Firing (i - inventory):
H - 12 silver bolts (quivered)
Press: ? - help, Shift-Dir - straight line, f/p - Snorg
Aim: Snorg (almost dead, berserk)
You shoot a silver bolt. The silver bolt hits Snorg.
Snorg is almost dead.
Snorg completely misses you. Snorg claws you but does no damage.
Snorg closely misses you. Snorg completely misses you. Snorg claws you!
You die...
Fedhas appreciates your contribution to the ecosystem.

#.# .........
##.##...$......
#....#.#........
##....#..........
###.)##.........
##...#.........
##.#........##
#......(()...###
##...%)#)..T@..#
##....<#.##....#
#...(#####.#.##
##.### ...## ###
#.. #..# ...#
#.## ###


You could see Snorg (berserk).

Vanquished Creatures
  Erica (Lair:4)
  A catoblepas (Lair:7)
  A griffon (Lair:3)
  7 elephants
  2 black mambas
  Psyche (Orc:1)
  11 spiny frogs
  An item mimic (D:8)
  2 komodo dragons
  A queen bee (Lair:3)
  14 blink frogs
  4 basilisks
  A hungry ghost (D:10)
  A wyvern (Lair:4)
  A shadow (D:10)
  19 yaks
  2 elephant slugs
  3 sharks
  A fire bat (Volcano)
  8 vampire mosquitoes
  4 nagas (Lair:6)
  A wolf (Lair:3)
  6 water moccasins
  8 porcupines
  3 sky beasts
  An ice beast (D:9)
  3 orc warriors
  5 hippogriffs
  2 giant goldfish (Lair:8)
  3 ogres
  3 centaurs
  10 big kobolds
  8 crocodiles
  17 giant frogs
  4 giant slugs
  A lava worm (Volcano)
  12 killer bees (Lair:3)
  2 scorpions
  5 crimson imps
  10 hounds
  6 electric eels
  A goliath beetle (Lair:4)
  2 orc priests
  2 orc wizards
  8 big fish
  7 iguanas
  4 worker ants
  2 quasits
  3 sheep (Lair:1)
  41 green rats
  2 gnolls (D:8)
  20 adders
  4 shadow imps
  5 white imps (Lair:2)
  3 giant mites (Lair:6)
  7 worms
  An inept feature mimic (D:4)
  A giant eyeball (D:6)
  5 giant geckos
  2 oozes
  28 orcs
  6 giant cockroaches
  11 hobgoblins
  26 jackals
  32 kobolds
  13 quokkas
  3 ball pythons
  23 bats
  7 giant newts
  13 goblins
  A kobold skeleton (D:4)
  2 orc skeletons
  A quokka zombie (D:5)
  24 rats
506 creatures vanquished.

Vanquished Creatures (collateral kills)
  5 hydras
  2 hill giants (D:10)
  A cyclops (D:10)
  A griffon (Lair:8)
  9 elephants
  A black mamba (Lair:1)
  7 spiny frogs
  5 komodo dragons
  A troll (D:10)
  A two-headed ogre (D:10)
  8 blink frogs
  3 basilisks
  3 sharks
  13 yaks
  5 vampire mosquitoes (Lair:8)
  2 hippogriffs
  3 water moccasins
  A black bear (D:9)
  3 giant goldfish (Lair:8)
  2 ogres
  2 crocodiles
  2 giant slugs
  2 big kobolds
  13 giant frogs
  2 killer bees (Lair:3)
  3 big fish
  2 hounds
  2 iguanas
  2 sheep (Lair:1)
  A wandering mushroom (Lair:1)
  A hound skeleton (D:10)
  2 adders
  8 green rats
  7 white imps (Lair:2)
  A giant gecko (Lair:2)
  An orc (Orc:1)
  A hobgoblin (D:10)
  4 jackals
  A kobold (D:9)
  2 quokkas
  2 bats
  2 rats
  A butterfly (Lair:1)
  A fungus (Lair:4)
  A toadstool (Lair:8)
142 creatures vanquished.

Vanquished Creatures (others)
  2 oklob plants
  A black mamba (Lair:8)
  45 wandering mushrooms
  A worker ant (D:9)
  A worker ant zombie (D:8)
  A chimera (Lair:8)
  A bat (Lair:1)
  A giant spore (D:9)
  5 fungi
  9 plants
  234 toadstools
301 creatures vanquished.

Grand Total: 949 creatures vanquished

Notes
Turn   | Place    | Note
--------------------------------------------------------------
     0 | D:1      | Psiweapon, the Kobold Hunter, began the quest for the Orb.
     0 | D:1      | Reached XP level 1. HP: 12/12 MP: 1/1
   106 | D:1      | Reached skill level 5 in Crossbows
   106 | D:1      | Reached XP level 2. HP: 16/16 MP: 2/2
   480 | D:1      | Reached XP level 3. HP: 20/20 MP: 3/3
   866 | D:2      | Reached XP level 4. HP: 25/25 MP: 4/4
  1401 | D:2      | Reached XP level 5. HP: 29/29 MP: 5/5
  1597 | D:3      | Reached skill level 6 in Crossbows
  1897 | D:3      | Reached skill level 5 in Dodging
  2445 | D:4      | Reached XP level 6. HP: 34/34 MP: 6/6
  2749 | D:4      | Reached skill level 7 in Crossbows
  2845 | D:4      | Found a staircase to the Ecumenical Temple.
  2857 | D:4      | the staircase to the Ecumenical Temple was a mimic.
  2886 | D:4      | Reached XP level 7. HP: 35/38 MP: 7/7
  3018 | D:5      | Entered Level 5 of the Dungeon
  3057 | D:5      | Found a shattered altar of Ashenzari.
  3400 | D:5      | Reached skill level 8 in Crossbows
  3559 | D:5      | Reached XP level 8. HP: 43/43 MP: 8/8
  3860 | D:6      | Found a staircase to the Ecumenical Temple.
  3874 | Temple   | Entered the Ecumenical Temple
  4016 | Temple   | Became a worshipper of Fedhas Madash
  4821 | D:6      | Reached skill level 9 in Crossbows
  5532 | D:8      | Found Uhuhec's Antique Armour Boutique.
  5535 | D:8      | Bought a runed cloak for 76 gold pieces
  5535 | D:8      | Bought a pair of runed gloves for 76 gold pieces
  5541 | D:8      | Bought a faintly glowing ring mail for 153 gold pieces
  5542 | D:8      | Identified the +6 ring mail of Quantum Leap {Dex+3 SInv} (You bought it in a shop on level 8 of the Dungeon)
  5593 | D:8      | Reached XP level 9. HP: 33/47 MP: 9/9
  5623 | D:8      | Killed a scroll of remove curse mimic
  5623 | D:8      | Reached skill level 10 in Crossbows
  5793 | D:8      | Reached skill level 10 in Dodging
  5815 | D:8      | Acquired Fedhas' first power
  5844 | D:8      | Reached skill level 11 in Crossbows
  6179 | D:8      | Found a sparkling altar of Nemelex Xobeh.
  6471 | D:9      | Reached skill level 1 in Armour
  6544 | D:9      | Reached XP level 10. HP: 52/54 MP: 10/10
  6749 | D:9      | Found a staircase to the Orcish Mines.
  6904 | D:9      | Found a shadowy altar of Dithmenos.
  7013 | D:10     | Entered Level 10 of the Dungeon
  7069 | D:10     | Noticed a hill giant
  7072 | D:10     | Noticed a cyclops
  7080 | D:10     | Killed a hill giant
  7080 | D:10     | Reached skill level 5 in Fighting
  7086 | D:10     | Killed a cyclops
  7242 | D:10     | Found a staircase to the Lair.
  7243 | D:10     | Noticed a hill giant
  7254 | D:10     | Killed a hill giant
  7357 | D:10     | Reached skill level 5 in Armour
  7649 | D:10     | Reached XP level 11. HP: 67/67 MP: 11/11
  7817 | Lair:1   | Entered Level 1 of the Lair of Beasts
  8349 | D:10     | Reached skill level 1 in Throwing
  9173 | Lair:1   | Acquired Fedhas' second power
  9239 | Lair:1   | Reached skill level 5 in Throwing
 10557 | Lair:2   | Reached skill level 10 in Fighting
 11177 | Lair:3   | Noticed a griffon
 11189 | Lair:3   | Killed a griffon
 11189 | Lair:3   | Reached XP level 12. HP: 66/77 MP: 11/16
 11797 | Lair:3   | Reached skill level 5 in Evocations
 11998 | Lair:4   | Noticed a four-headed hydra
 12023 | Lair:4   | Killed a four-headed hydra
 12047 | Lair:4   | Noticed Erica
 12070 | Lair:4   | Killed Erica
 12197 | Lair:4   | Reached skill level 10 in Throwing
 12372 | Lair:4   | Reached skill level 1 in Axes
 13309 | Lair:5   | Noticed a five-headed hydra
 13321 | Lair:5   | Killed a five-headed hydra
 14287 | Lair:6   | Found a dark tunnel.
 14296 | Volcano  | Entered a volcano
 14700 | Lair:6   | Acquired Fedhas' third power
 14800 | Lair:6   | Reached skill level 12 in Dodging
 15165 | Lair:6   | Reached XP level 13. HP: 82/82 MP: 23/23
 15222 | Lair:6   | Found a staircase to the Snake Pit.
 15338 | Lair:6   | Found a staircase to the Swamp.
 15581 | Lair:6   | Reached skill level 5 in Axes
 16410 | Lair:7   | Reached skill level 13 in Dodging
 16949 | Lair:7   | Upgraded the game from 0.14-a0-3295-g3fd807f to 0.14-a0-3315-g09e681a
 16963 | Lair:8   | Entered Level 8 of the Lair of Beasts
 17022 | Lair:8   | Found a staircase to the Slime Pits.
 17129 | Lair:8   | Reached skill level 14 in Dodging
 17626 | Lair:8   | Reached skill level 1 in Invocations
 17895 | Lair:8   | Reached XP level 14. HP: 66/88 MP: 22/24
 18430 | Lair:8   | Got a heavily runed ivory ring
 18485 | Lair:8   | Reached skill level 5 in Invocations
 19030 | Orc:1    | Entered Level 1 of the Orcish Mines
 19031 | Orc:1    | Noticed Psyche
 19037 | Orc:1    | Killed Psyche
 19065 | Orc:1    | Noticed Snorg
 19099 | Orc:1    | Slain by Snorg

Action                   |  1- 3 |  4- 6 |  7- 9 | 10-12 | 13-15 || total
-------------------------+-------+-------+-------+-------+-------++-------
Melee: Short sword       |     2 |    19 |       |     3 |       ||    24
       Dagger            |       |       |       |   351 |     3 ||   354
       War axe           |       |       |       |   240 |   313 ||   553
 Fire: Crossbow          |    59 |   120 |   227 |   124 |    26 ||   556
       Blowgun           |       |       |       |   195 |    37 ||   232
Invok: Evolution         |       |       |     2 |    25 |    25 ||    52
       Sunlight          |       |       |       |       |    12 ||    12
Evoke: Wand              |       |       |     8 |    16 |    18 ||    42
       Lamp of fire      |       |       |       |     1 |       ||     1
       Deck              |       |       |       |     1 |       ||     1
       Box of beasts     |       |       |       |       |     3 ||     3
  Use: Scroll            |       |     2 |     5 |    23 |     8 ||    38
       Potion            |       |       |     1 |     2 |     2 ||     5
 Stab: Confused          |       |       |       |     5 |     7 ||    12
       Sleeping          |       |       |       |     6 |     1 ||     7
       Distracted        |       |       |       |     2 |     3 ||     5
